 Dungeon Crawl Stone Soup version 0.17-a0-913-g36eb389 (webtiles) character file.

135 inmateoo the Ruffian (level 5, -1/32 HPs)
             Began as a Gargoyle Monk on May 3, 2015.
             Slain by Sigmund
             ... wielding a +0 scythe
              (11 damage)
             ... on level 3 of the Dungeon.
             The game lasted 00:02:47 (1582 turns).

inmateoo the Ruffian (Gargoyle Monk)                Turns: 1582, Time: 00:02:47

Health: -1/32      AC:  6    Str: 15    XL:     5   Next: 18%
Magic:  5/5        EV: 12    Int: 10    God:
Gold:   81         SH:  0    Dex: 13    Spells: 0 memorised, 4 levels left

rFire  . . .     SeeInvis .       - Unarmed
rCold  + . .     Clarity  .     a - +0 robe
rNeg   + . .     SustAb   .     (no shield)
rPois  ∞         Gourm    .     (no helmet)
rElec  +         Spirit   .     (no cloak)
rCorr  .         Warding  .     (no gloves)
rMut   .         Stasis   .     (no boots)
MR     .....                    (no amulet)
Stlth  ++........               (no ring)
                                k - ring of protection from cold

@: not resistant to hostile enchantments, unstealthy
A: negative energy resistance 1, electricity resistance, unbreathing,
petrification resistance, rot immunity, AC +4
a: no special abilities


You were on level 3 of the Dungeon.
You were not hungry.

You visited 1 branch of the dungeon, and saw 3 of its levels.

You collected 81 gold pieces.

Inventory:

Armour
 a - a +0 robe (worn)
Jewellery
 k - a ring of protection from cold (left hand)
Scrolls
 c - 3 scrolls of blinking {unknown}
 f - a scroll of immolation {unknown}
 g - 2 scrolls of identify {unknown}
 i - a scroll of enchant armour {unknown}
 l - a scroll of enchant weapon {unknown}
Potions
 d - 2 potions of might {unknown}
 e - 2 potions of magic {unknown}
 j - a potion of haste {unknown}
 n - a potion of resistance {unknown}
Comestibles
 b - a bread ration
 h - 4 chunks of flesh
 m - a slice of pizza


   Skills:
 - Level 3.2 Fighting
 - Level 2.4 Dodging
 - Level 2.1 Stealth
 * Level 6.3 Unarmed Combat


You had 4 spell levels left.
You didn't know any spells.

Dungeon Overview and Level Annotations

Branches:
Dungeon (3/15)

Altars:
Ashenzari
Gozag
Nemelex Xobeh
Trog
Zin

Annotations:
D:3 Sigmund


Innate Abilities, Weirdness & Mutations

You are resistant to torment.
Your stone body is resilient (AC +4).
You are immune to poison.
You resist negative energy.
You are resistant to electric shocks.
You can survive without breathing.
You are immune to petrification.
You are immune to rotting.


Message History

Sigmund is heavily wounded.
The giant newt bites you but does no damage.
Sigmund hits you but does no damage.
You completely miss Sigmund.
Sigmund is heavily wounded.
The giant newt closely misses you.
You hit Sigmund but do no damage.
Sigmund is heavily wounded.
Sigmund mumbles some strange words.
Sigmund flickers and vanishes!
Deactivating autopickup; reactivate with Ctrl-A.
The giant newt misses you.
You miss the giant newt. The giant newt closely misses you.
You miss the giant newt. Something hits you. The giant newt misses you.
You hit the giant newt.
You kill the giant newt!
Something hits you!
You miss something. Something barely misses you. Something hits you!
You die...

####### #.....#
#.....# #.....#
#### #.....#
##..<## #.....#
#.....# #...†.#
#.....# #.....#
#..?..### #<....#
#....>@.# #.....#
#.....#.##########
#....)##
#....{#..<.......##
# ###.#..#
##...##...>..)....#
# #.##.########
##.....)...## #
###.##....##
##........### #
#...#####..#
#..#........### #
#.### ##)###
#.#####(......###
#.# #...####.#
###.##....#


There were no monsters in sight!

Vanquished Creatures
  Jessica (D:2)
  3 adders
  A gnoll (D:1)
  3 oozes
  3 worms
  4 orcs (D:3)
  A ball python (D:1)
  2 bats
  A hobgoblin (D:3)
  7 jackals
  5 kobolds
  A quokka (D:2)
  7 giant cockroaches
  5 giant newts
  4 goblins
  2 rats
50 creatures vanquished.

Notes
Turn   | Place    | Note
--------------------------------------------------------------
     0 | D:1      | inmateoo, the Gargoyle Monk, began the quest for the Orb.
     0 | D:1      | Reached XP level 1. HP: 14/14 MP: 1/1
   156 | D:1      | Reached XP level 2. HP: 19/19 MP: 2/2
   372 | D:2      | Reached XP level 3. HP: 16/23 MP: 3/3
   421 | D:2      | Reached skill level 5 in Unarmed Combat
   533 | D:2      | Found a glowing silver altar of Zin.
   539 | D:2      | Found an opulent altar of Gozag.
   541 | D:2      | Found a bloodstained altar of Trog.
   545 | D:2      | Found a shattered altar of Ashenzari.
   908 | D:2      | Reached XP level 4. HP: 24/28 MP: 4/4
  1060 | D:2      | Found a sparkling altar of Nemelex Xobeh.
  1060 | D:2      | Noticed Jessica
  1064 | D:2      | Killed Jessica
  1378 | D:3      | Reached skill level 6 in Unarmed Combat
  1404 | D:3      | Reached XP level 5. HP: 28/32 MP: 5/5
  1570 | D:3      | Noticed Sigmund
  1582 | D:3      | Slain by Sigmund

Action                   |  1- 3 |  4- 6 || total
-------------------------+-------+-------++-------
Melee: Unarmed           |    86 |   117 ||   203
 Stab: Sleeping          |     2 |       ||     2
  Eat: Chunk             |       |     2 ||     2
